 Dungeon Crawl Stone Soup version 0.29-a0-284-gf9362112df (webtiles) character file.

Game seed: 1739357742024757288

1529 horus123 the Digger (level 8, 0/66 HPs)
             Began as a Black Draconian Earth Elementalist on Mar 19, 2022.
             Was an Initiate of Qazlal.
             Slain by a yak (4 damage)
             ... on level 6 of the Dungeon.
             The game lasted 00:15:55 (6745 turns).

horus123 the Digger (DrEE)                          Turns: 6745, Time: 00:15:56

Health: 0/66       AC:  8    Str: 11    XL:     8   Next: 55%
Magic:  0/14       EV: 16    Int: 18    God:    Qazlal [......]
Gold:   252        SH:  0    Dex: 11    Spells: 5/15 levels left

rFire   . . .      SeeInvis +   m - staff of earth
rCold   . . .      Faith    .   (no shield)
rNeg    . . .      Spirit   .   (body armour unavailable)
rPois   .          Reflect  .   (helmet restricted)
rElec   +          Harm     .   p - +1 cloak
rCorr   .          Rampage  .   (no gloves)
Will    .....                   (no boots)
Stlth   ++........              (no amulet)
HPRegen 0.21/turn               j - ring of see invisible
MPRegen 0.14/turn               i - +4 ring of evasion

@: short of breath
A: breathe lightning, AC +6, unfitting armour, electricity resistance,
cold-blooded
a: Breathe Lightning, Renounce Religion


You were on level 6 of the Dungeon.
You worshipped Qazlal.
Qazlal was noncommittal.
You visited 1 branch of the dungeon, and saw 6 of its levels.

You collected 252 gold pieces.

Inventory:

Hand Weapons
 d - a +0 hand axe
 f - a +1 vorpal hunting sling
Missiles
 a - 27 stones
Armour
 p - a +1 cloak (worn)
Magical Staves
 m - a staff of earth (weapon)
Jewellery
 g - a ring of ice
 i - a +4 ring of evasion (right hand)
 j - a ring of see invisible (left hand)
Wands
 h - a wand of polymorph (5)
 q - a wand of iceblast (8)
Scrolls
 l - a scroll of identify
 n - 5 scrolls of teleportation
 o - 3 scrolls of fog
 r - a scroll of noise
 s - a scroll of amnesia
 t - a scroll of enchant armour
Potions
 b - a potion of attraction
 c - 2 potions of berserk rage
 e - 2 potions of lignification
 k - a potion of ambrosia
 u - a potion of mutation {unknown}


   Skills:
 + Level 4.2 Fighting
 - Level 1.7 Dodging
 - Level 1.7 Stealth
 - Level 4.0 Spellcasting
 - Level 3.3 Conjurations
 - Level 2.5 Transmutations
 - Level 7.1 Earth Magic


You had 5 spell levels left.
You knew the following spells:

 Your Spells              Type           Power      Damage    Failure   Level
a - Sandblast             Erth           88%        2d18      1%          1
b - Stone Arrow           Conj/Erth      66%        3d11      4%          3
c - Passwall              Tmut/Erth      25%        N/A       3%          2
d - Petrify               Tmut/Erth      31%        N/A       21%         4

Your spell library contained the following spells:

 Spells                   Type           Power      Damage    Failure   Level
 Freeze                   Ice            12%        1d4       14%         1
 Pain                     Necr           12%        1d4       14%         1
 Slow                     Hex            12%        N/A       14%         1


Dungeon Overview and Level Annotations

Branches:
Dungeon (6/15)
 Temple: D:4-7

Altars:
Cheibriados
Dithmenos
Gozag
Qazlal
Sif Muna
Trog
Vehumet
Xom


Innate Abilities, Weirdness & Mutations

You can breathe wild blasts of lightning.
Your glossy black scales are hard. (AC +6)
You cannot fit into any form of body armour.
You are resistant to electric shocks. (rElec)
You are cold-blooded and may be slowed by cold attacks.


Message History

You hit the yak but do no damage.
The yak is lightly wounded.
The yak gores you.
You closely miss the yak. You tail-slap the yak.
The yak is moderately wounded.
The yak gores you! The yak barely misses you. The yak attacks as you move away!
The yak gores you! The yak attacks as you move away! The yak barely misses you.
The yak attacks as you move away! The yak gores you but does no damage.
Activating: Breathe Lightning (4% risk of failure)
Press: ? - help, Dir - look around, f - activate You breathe a wild blast of lightning!
The orb of electricity explodes!
The orb of electricity engulfs the yak!
The yak is heavily wounded.
The orb of electricity engulfs the yak!
The yak is moderately wounded.
The orb of electricity engulfs you. You resist.
* * * LOW HITPOINT WARNING * * *
The orb of electricity explodes! x2; The orb of electricity engulfs you!
You resist.
* * * LOW HITPOINT WARNING * * *
The orb of electricity engulfs the yak!!
You kill the yak!
Qazlal accepts your kill.
The orb of electricity engulfs the yak.
The yak is heavily wounded.
You hear an angry hiss.
You hear a shout! x2; You hear a loud, deep croak!
You hear a shout! x2
Your Fighting skill gained 2 levels and is now at level 4!
Unknown command.
Casting: Stone Arrow (dangerous; 4% risk of failure)
Confirm with . or Enter, or press ? or * to list all spells.
Aiming: Sandblast (safe; 1% risk of failure)
Press: ? - help, Shift-Dir - straight line, f - yak
Aim: a yak (heavily wounded, 90% to hit)
You feel a surge of power!
The blast of sand hits the yak!
The yak is severely wounded.
a - 27 stones The yak gores you.
You die...

#### ...# ...# ...#
...+ #########...####
# #...†..Y@.......
#..###.##############
#....<.......#
#.#..........#
#..........#
+..........#
#>..Y......#
+..YY......#
#..(.......#


You could see a yak.

Vanquished Creatures
  2 yaks (D:6)
  A water moccasin (D:5)
  Duvessa (D:5)
  A sky beast (D:5)
  A black bear (D:5)
  Blork the orc (D:5)
  A necrophage (D:5)
  3 scorpions (D:5)
  Dowan (D:5)
  4 orc priests (D:4)
  A hound (D:5)
  Ijyb (D:3)
  3 iguanas
  2 orc wizards
  Robin (D:3)
  7 adders
  A worm (D:5)
  A dart slug (D:1)
  15 orcs
  5 endoplasms
  5 giant cockroaches
  11 goblins
  8 hobgoblins
  12 jackals
  4 quokkas
  4 ball pythons
  10 bats
  4 frilled lizards
  4 kobolds
  11 rats
126 creatures vanquished.

Notes
Turn   | Place    | Note
-------+----------+-------------------------------------------
     0 | D:1      | horus123 the Draconian Earth Elementalist began the quest
                  | for the Orb.
     0 | D:1      | Reached XP level 1. HP: 14/14 MP: 3/3
   236 | D:1      | Reached XP level 2. HP: 13/20 MP: 5/5
   801 | D:1      | Reached XP level 3. HP: 26/26 MP: 7/7
   805 | D:1      | Learned a level 3 spell: Stone Arrow
  1367 | D:2      | Found a faded altar of an unknown god.
  1515 | D:2      | Found a shadowy altar of Dithmenos.
  2098 | D:2      | Reached XP level 4. HP: 32/33 MP: 3/10
  2383 | D:3      | Reached skill level 1 in Conjurations
  2437 | D:3      | Noticed Ijyb
  2455 | D:3      | Killed Ijyb
  2615 | D:3      | Found an opulent altar of Gozag.
  2990 | D:3      | Noticed Robin
  3088 | D:3      | Killed Robin
  3089 | D:3      | Reached XP level 5. HP: 7/38 MP: 2/11
  3862 | D:4      | Reached skill level 4 in Earth Magic
  3862 | D:4      | Reached XP level 6. HP: 15/45 MP: 0/12
  4248 | D:4      | Found a shimmering altar of Xom.
  4267 | D:4      | Found a bloodstained altar of Trog.
  5028 | D:5      | Entered Level 5 of the Dungeon
  5031 | D:5      | Reached skill level 5 in Earth Magic
  5168 | D:5      | Reached skill level 6 in Earth Magic
  5168 | D:5      | Your scales start taking on a glossy black colour.
  5168 | D:5      | Reduced skill Earth Magic to level 5
  5168 | D:5      | Reached XP level 7. HP: 50/50 MP: 3/13
  5168 | D:5      | Gained mutation: You are resistant to electric shocks.
                  | (rElec) [Black Draconian growth]
  5368 | D:5      | Reached skill level 6 in Earth Magic
  5516 | D:5      | Noticed Duvessa
  5688 | D:5      | Noticed Blork the orc
  5691 | D:5      | Killed Duvessa
  5795 | D:5      | Killed Blork the orc
  5796 | D:5      | Reached XP level 8. HP: 42/57 MP: 2/14
  5797 | D:5      | Reached skill level 7 in Earth Magic
  5829 | D:5      | Noticed Dowan
  5842 | D:5      | Killed Dowan
  5927 | D:4      | Learned a level 2 spell: Passwall
  5932 | D:4      | Learned a level 4 spell: Petrify
  6272 | D:5      | Found a shimmering blue altar of Sif Muna.
  6273 | D:5      | Found a stormy altar of Qazlal.
  6281 | D:5      | Got Sif Muna's Compendium of Evil Rites
  6283 | D:5      | Got Sif Muna's Volume of Enchantment
  6285 | D:5      | Got Sif Muna's Incunabulum of the Snowflakes
  6300 | D:5      | Noticed an air elemental
  6306 | D:5      | Became a worshipper of Qazlal Stormbringer
  6391 | D:5      | Found a radiant altar of Vehumet.
  6571 | D:5      | Found a snail-covered altar of Cheibriados.
  6745 | D:6      | Slain by a yak

Illustrated notes

Levels and vault maps discovered:
D:1:      dpeg_arrival_another_circle, layout_loops_ring
D:2:      layout_loops_ring, basic_altar, shapermc_ecumenical_altar_mp_vishouse
D:3:      layout_loops_cross, grunt_gozag_breadcrumbs,
          chequers_serial_rivers_room_a, grunt_decor_resistance, uniq_robin,
          uniq_ijyb
D:4:      layout_loops_ring, mainiacjoe_overflow_big_doors
D:5:      layout_cave_pools, nicolae_qazlal_style_of_elements,
          cheibrodos_worm_habitat, kennysheep_little_box,
          nicolae_sif_muna_little_library, uniq_duvessa, uniq_blork_the_orc
D:6:      gammafunk_cloud_chamber, layout_basic, nicolae_wu_jian_wuxing_cycle,
          nicolae_overflow_crystal_walls, mainiacjoe_overflow_cross_hatched,
          uniq_pikel

Skill      XL: |  1  2  3  4  5  6  7  8 |
---------------+-------------------------+-----
Spellcasting   | 3 4 |  4.0
Conjurations   | 2 3 |  3.3
Earth Magic    | 4 5 6 7 |  7.1
Transmutations | 2 |  2.5
Fighting       | 4 |  4.2
Dodging        | |  1.7
Stealth        | |  1.7

Action                   |  1- 3 |  4- 6 |  7- 9 || total
-------------------------+-------+-------+-------++-------
Melee: Hand axe          |    49 |       |       ||    49
       Tailslap          |     5 |     3 |     4 ||    12
       Staff             |     4 |    44 |    25 ||    73
       Punch             |       |     3 |       ||     3
 Fire: Hunting sling     |    89 |       |       ||    89
 Cast: Sandblast         |    25 |    66 |     5 ||    96
       Stone Arrow       |       |    22 |    32 ||    54
       Passwall          |       |       |     2 ||     2
 Abil: Breathe Lightning |       |       |     8 ||     8
Evoke: Wand              |       |       |     1 ||     1
  Use: Scroll            |     8 |     2 |     4 ||    14
       Potion            |       |     3 |       ||     3
 Stab: Sleeping          |     2 |       |       ||     2
Armor: Skin              |    66 |    31 |    10 ||   107
Dodge: Dodged            |   104 |   112 |    35 ||   251

Table legend: (Time is in decaauts)
 A = Elapsed time spent in this place.
 B = Non-inter-level travel time spent in this place.
 C = Inter-level travel time spent in this place.
 D = Time resting spent in this place.
 E = Time spent auto-exploring this place.
 F = Levels seen in this place.
 G = Mean time per level.
                   A        B        C        D        E       F      G
               +--------+--------+--------+--------+--------+-----+--------+
         Total |   6829 |   6662 |    167 |   1790 |   3823 |   6 | 1138.2 |
       Dungeon |   6829 |   6662 |    167 |   1790 |   3823 |   6 | 1138.2 |
               +--------+--------+--------+--------+--------+-----+--------+

Top non-repeatable levels by time:
     D:4: 2057 daAuts
     D:3: 1362 daAuts
     D:1: 1204 daAuts
     D:2: 1156 daAuts
     D:5: 1023 daAuts
     D:6: 24 daAuts
